 Dungeon Crawl Stone Soup version 0.22.1-2-g9c5b331 (webtiles) character file.

373 MalarOregon the Chiller (level 6, -8/47 HPs)
             Began as a Merfolk Ice Elementalist on Nov 12, 2018.
             Killed by nerve-wracking pain
             ... invoked by a shadow imp
              (10 damage)
             ... on level 4 of the Dungeon.
             The game lasted 00:09:28 (3273 turns).

MalarOregon the Chiller (Merfolk Ice Elementalist)  Turns: 3273, Time: 00:09:29

Health: -8/47      AC:  4    Str:  8    XL:     6   Next: 71%
Magic:  2/11       EV: 18    Int: 17    God:
Gold:   109        SH:  0    Dex: 19    Spells: 1/12 levels left

rFire    . . .     SeeInvis .   v - +0 trident
rCold    . . .     Gourm    .   (no shield)
rNeg     . . .     Faith    .   a - +0 robe
rPois    .         Spirit   .   g - +0 helmet
rElec    .         Reflect  .   u - +0 cloak
rCorr    .         Harm     .   (no gloves)
MR       .....                  (no boots)
Stlth    +++.......             (no amulet)
HPRegen  0.15/turn              (no ring)
MPRegen  0.12/turn              (no ring)

@: agile, lethally poisoned (-8 -> -9)
A: change form in water, swift swim, stealthy swim
a: no special abilities


You were on level 4 of the Dungeon.
You were not hungry.

You visited 1 branch of the dungeon, and saw 4 of its levels.

You collected 109 gold pieces.

Inventory:

Hand Weapons
 v - a +0 trident (weapon)
   (You took it off an orc on level 3 of the Dungeon)
Missiles
 c - 50 poisoned needles
Armour
 a - a +0 robe (worn)
 g - a +0 helmet (worn)
   (You found it on level 1 of the Dungeon)
 u - a +0 cloak (worn)
   (You found it on level 2 of the Dungeon)
Jewellery
 s - a +5 ring of evasion {unknown}
   (You found it on level 3 of the Dungeon)
 t - a +3 ring of intelligence {unknown}
   (You found it on level 3 of the Dungeon)
Wands
 w - a wand of clouds (5)
   (You took it off Ijyb on level 2 of the Dungeon)
Scrolls
 b - a scroll of immolation {unknown}
 f - 3 scrolls of identify {unknown}
 h - a scroll of enchant weapon {unknown}
 j - 2 scrolls of random uselessness {unknown}
 k - 2 scrolls of magic mapping {unknown}
 n - a scroll of teleportation {unknown}
 p - a scroll of fog {unknown}
 q - a scroll of noise {unknown}
Potions
 d - a potion of curing {unknown}
 i - a potion of lignification {unknown}
 l - a potion of flight {unknown}
 m - a potion of might {unknown}
 o - a potion of agility
 x - a potion of haste {@q3}
 z - a potion of mutation {unknown}
Comestibles
 e - 6 rations {!d}


   Skills:
 + Level 3.5 Fighting
 + Level 1.5 Polearms
 - Level 2.6 Dodging
 - Level 2.1 Stealth
 + Level 3.6 Spellcasting
 + Level 2.0 Conjurations
 + Level 5.0 Ice Magic


You had one spell level left.
You knew the following spells:

 Your Spells              Type           Power        Failure   Level  Hunger
a - Freeze                Ice            ###.         1%          1    None
c - Throw Icicle          Conj/Ice       ###.....     36%         4    ####...
d - Summon Ice Beast      Ice/Summ       ##......     50%         4    ####...
x - Throw Frost           Conj/Ice       ###...       6%          2    ##.....

Your spell library contained the following spells:

 Spells                   Type           Power        Failure   Level  Hunger
 Ozocubu's Armour         Chrm/Ice       ##......     17%         3    ###....


Dungeon Overview and Level Annotations

Branches:
Dungeon (4/15)
 Temple: D:4-7

Altars:


Message History

Pain shoots through your body! The worker ant barely misses you.
Aim: a worker ant (lightly wounded)
You freeze the worker ant. The shadow imp completely misses you.
The worker ant bites you.
You are poisoned.
The worker ant poisons you!
Aim: a worker ant (moderately wounded)
You freeze the worker ant.
You feel sick. The worker ant closely misses you.
The shadow imp barely misses you.
Aim: a worker ant (almost dead)
You freeze the worker ant.
You kill the worker ant!
The shadow imp barely misses you.
Aim: a shadow imp The shard of ice hits the shadow imp.
The shadow imp partially resists.
You feel sick.
The shadow imp hits you but does no damage.
You barely miss the shadow imp.
The shadow imp grinds its teeth.
The shadow imp hits you.
The shadow imp hits you but does no damage.
You barely miss the shadow imp.
You feel sick. The shadow imp hits you.
You hit the shadow imp but do no damage.
The shadow imp hits you but does no damage.
You barely miss the shadow imp. The shadow imp gestures at you.
Pain shoots through your body!
You barely miss the shadow imp.
You feel sick. The shadow imp hits you.
You barely miss the shadow imp. The shadow imp hits you.
* * * LOW HITPOINT WARNING * * *
The shadow imp hits you.
* * * LOW HITPOINT WARNING * * *
You barely miss the shadow imp. The shadow imp closely misses you.
You hit the shadow imp but do no damage.
You feel sick. The shadow imp hits you.
* * * LOW HITPOINT WARNING * * *
You barely miss the shadow imp. The shadow imp hits you.
* * * LOW HITPOINT WARNING * * *
You hit the shadow imp. The shadow imp hits you.
* * * LOW HITPOINT WARNING * * *
You barely miss the shadow imp.
You feel sick.
The shadow imp hits you but does no damage.
The shadow imp gestures at you. Pain shoots through your body!
* * * LOW HITPOINT WARNING * * *
It was a potion of agility.
You feel agile all of a sudden. The shadow imp gestures at you.
Pain shoots through your body!
You die...

#........####.#####.#
#.......<'....# #.#
.###........##########.#
.....).................#
.........รท..############
............#
...........##
...........# .......@...#
......5....# ...........#
...........# ...........#
......####.# ...... .#
...... .#


You could see a shadow imp.

Vanquished Creatures
  A water moccasin (D:2)
  An orc wizard (D:2)
  Ijyb (D:2)
  2 worker ants
  5 adders
  An ooze (D:1)
  4 worms
  2 dart slugs (D:2)
  2 leopard geckos (D:2)
  19 orcs
  A ball python (D:3)
  2 giant cockroaches (D:1)
  6 goblins
  12 hobgoblins
  4 jackals (D:2)
  A quokka (D:3)
  6 bats
  3 frilled lizards
  7 kobolds
  7 rats
87 creatures vanquished.

Notes
Turn   | Place    | Note
-------+----------+-------------------------------------------
     0 | D:1      | MalarOregon the Merfolk Ice Elementalist began the quest
                  | for the Orb.
     0 | D:1      | Reached XP level 1. HP: 13/13 MP: 3/3
    95 | D:1      | Reached XP level 2. HP: 16/20 MP: 0/5
   187 | D:1      | Reached skill level 1 in Fighting
   592 | D:1      | Reached XP level 3. HP: 26/26 MP: 0/6
   602 | D:1      | Learned a level 2 spell: Throw Frost
  1089 | D:2      | Reached skill level 4 in Ice Magic
  1163 | D:2      | Reached XP level 4. HP: 9/33 MP: 0/8
  1381 | D:2      | Learned a level 4 spell: Throw Icicle
  1584 | D:2      | Noticed a water moccasin
  1594 | D:2      | Killed a water moccasin
  1594 | D:2      | Reached skill level 1 in Conjurations
  1594 | D:2      | Reached XP level 5. HP: 41/41 MP: 0/9
  1733 | D:2      | You fall through a shaft!
  1995 | D:2      | Reached XP level 6. HP: 47/47 MP: 2/11
  2529 | D:3      | Noticed Ijyb
  2640 | D:2      | Killed Ijyb
  2640 | D:2      | Reached skill level 1 in Polearms
  2909 | D:3      | Reached skill level 5 in Ice Magic
  3183 | D:3      | Learned a level 4 spell: Summon Ice Beast
  3272 | D:4      | HP: 2/47 [shadow imp/nerve-wracking pain (8)]
  3273 | D:4      | Killed from afar by a shadow imp

Skill      XL: |  1  2  3  4  5  6 |
---------------+-------------------+-----
Fighting       | 1 2 3 |  3.5
Ice Magic      | 4 5 |  5.0
Spellcasting   | 3 |  3.6
Conjurations   | 1 2 |  2.0
Polearms       | 1 |  1.5
Dodging        | |  2.6
Stealth        | |  2.1

Action                   |  1- 3 |  4- 6 || total
-------------------------+-------+-------++-------
Melee: Unarmed           |     5 |       ||     5
       Flail             |    10 |    33 ||    43
       Trident           |       |    37 ||    37
 Cast: Freeze            |    61 |    61 ||   122
       Throw Frost       |       |    31 ||    31
       Throw Icicle      |       |     1 ||     1
  Use: Potion            |       |     1 ||     1
 Stab: Sleeping          |     1 |     5 ||     6
  Eat: Chunk             |     1 |     9 ||    10
Armor: Robe              |     3 |    36 ||    39
Dodge: Dodged            |    37 |    83 ||   120
